 Dungeon Crawl Stone Soup version 0.23.2-33-g5129a83184 (webtiles) character file.

Game seed: 12175376520458441432

664 Derp the Chopper (level 7, -6/63 HPs)
             Began as a Deep Dwarf Fighter on July 21, 2019.
             Was an Initiate of Makhleb.
             Killed by divine providence
             ... invoked by an orc priest
              (11 damage)
             ... on level 5 of the Dungeon.
             The game lasted 00:07:32 (3152 turns).

Derp the Chopper (Deep Dwarf Fighter)               Turns: 3152, Time: 00:07:33

Health: -6/63      AC: 16    Str: 22    XL:     7   Next: 31%
Magic:  7/7        EV: 11    Int:  8    God:    Makhleb [......]
Gold:   309        SH: 10    Dex: 12    Spells: 6/6 levels left

rFire    . . .     SeeInvis .   a - +0 war axe
rCold    . . .     Gourm    .   c - +0 shield
rNeg     . . .     Faith    .   n - +0 plate armour
rPois    .         Spirit   .   (no helmet)
rElec    .         Reflect  .   v - +2 cloak
rCorr    .         Harm     .   p - +0 pair of gloves
MR       +....                  (no boots)
Stlth    ..........             (no amulet)
HPRegen  0.00/turn              (no ring)
MPRegen  0.10/turn              r - +6 ring of evasion

@: non-regenerating
A: damage resistance, heal wounds, sense surroundings 1, no regeneration
a: Heal Wounds, Renounce Religion


You were on level 5 of the Dungeon.
You worshipped Makhleb.
Makhleb was noncommittal.
You were hungry.

You visited 2 branches of the dungeon, and saw 6 of its levels.

You collected 309 gold pieces.

Inventory:

Hand Weapons
 a - a +0 war axe (weapon)
Armour
 c - a +0 shield (worn)
 n - a +0 plate armour (worn)
 p - a +0 pair of gloves (worn)
 v - a +2 cloak (worn)
Jewellery
 b - an uncursed ring of wizardry {unknown}
 q - a cursed ring of teleportation
 r - a +6 ring of evasion (right hand)
Wands
 w - a wand of iceblast (8)
Scrolls
 e - 5 scrolls of teleportation
 g - 2 scrolls of remove curse
 i - 2 scrolls of fear {unknown}
 k - a scroll of immolation {unknown}
 l - 5 scrolls of identify {unknown}
 t - a scroll of random uselessness {unknown}
 u - a scroll of amnesia {unknown}
 x - a scroll of fog {unknown}
Potions
 d - a potion of might
 h - a potion of mutation {unknown}
 j - 4 potions of curing {unknown}
 m - a potion of haste {unknown}
 o - 3 potions of lignification {unknown}
 s - a potion of heal wounds {unknown}
 z - a potion of degeneration {unknown}
Comestibles
 f - 6 rations


   Skills:
 + Level 3.7 Fighting
 + Level 6.0 Axes
 + Level 4.8 Armour
 + Level 2.1 Dodging
 + Level 5.1 Shields


You had 6 spell levels left.
You didn't know any spells.
Your spell library was empty.

Dungeon Overview and Level Annotations

Branches:
Dungeon (5/15)             Temple (1/1) D:4

Altars:
Ashenzari
Dithmenos
Elyvilon
Gozag
Hepliaklqana
Makhleb
Okawaru


Innate Abilities, Weirdness & Mutations

You are resistant to damage.
You can heal yourself by infusing magical energy.
You passively map a small area around you.
You do not regenerate.


Message History

The orc priest hits you but does no damage.
You block the orc's attack. You block the orc warrior's attack.
You hit the orc priest but do no damage.
The orc priest is heavily wounded.
Your shield and plate armour prevent you from hitting the orc warrior.
You slash the orc!
You kill the orc!
Makhleb accepts your kill. The orc priest misses you.
The orc warrior hits you with a +0 halberd!
* * * LOW HITPOINT WARNING * * *
You hit the orc priest but do no damage.
The orc priest is heavily wounded.
You hit the orc warrior but do no damage.
You hit the orc but do no damage.
The orc priest looks encouraged for a moment.
The orc closely misses you. The orc warrior closely misses you.
The orc priest mumbles some strange prayers to Beogh against you.
Beogh smites you!
You die...

..........# #....# #........#
..........# #....# #........#
....############## #........#
#####...........######......###
..............c....⌠#######.# ,
..(......(o(.o......#..####.# *
......#########o....#....##.#
...####.......###o.##.....#.#
.###............@o.#........#
.#........⌠....(o..#........#
.#........(......###.....†..#
##..###....(..####.†....).#.#
#.....#########....†.....##.#
#......................###..#
#⌠...................### .##
#####...........###### , * ...
#############, *


You could see an orc warrior, an orc priest and an orc.

Vanquished Creatures
  An ogre (D:4)
  A phantom (D:5)
  A centaur (D:5)
  A howler monkey (D:3)
  2 crimson imps (D:5)
  2 hounds
  2 bullfrog skeletons (D:5)
  3 worker ants
  A gnoll (D:4)
  An adder (D:2)
  5 oozes
  An adder skeleton (D:3)
  A worm (D:5)
  A dart slug (D:5)
  2 leopard geckos
  2 orcs (D:5)
  2 ball pythons (D:2)
  10 giant cockroaches
  8 goblins
  5 hobgoblins
  8 jackals (D:3)
  A quokka (D:5)
  8 bats
  3 frilled lizards
  4 kobolds
  A quokka zombie (D:5)
  11 rats
  2 plants (D:3)
90 creatures vanquished.

Notes
Turn   | Place    | Note
-------+----------+-------------------------------------------
     0 | D:1      | Derp the Deep Dwarf Fighter began the quest for the Orb.
     0 | D:1      | Reached XP level 1. HP: 20/20 MP: 1/1
    66 | D:1      | Reached XP level 2. HP: 27/27 MP: 2/2
   802 | D:2      | Reached XP level 3. HP: 32/34 MP: 3/3
   876 | D:2      | Reached skill level 3 in Axes
  1350 | D:3      | Reached XP level 4. HP: 35/42 MP: 4/4
  1865 | D:3      | Reached XP level 5. HP: 37/49 MP: 5/5
  2074 | D:4      | Reached skill level 4 in Axes
  2103 | D:4      | Noticed an ogre
  2111 | D:4      | Killed an ogre
  2171 | D:4      | Reached XP level 6. HP: 33/56 MP: 6/6
  2314 | D:4      | Found a shattered altar of Ashenzari.
  2314 | D:4      | Found an iron altar of Okawaru.
  2391 | D:4      | Found a staircase to the Ecumenical Temple.
  2402 | Temple   | Entered the Ecumenical Temple
  2417 | Temple   | Became a worshipper of Makhleb the Destroyer
  2810 | D:5      | Entered Level 5 of the Dungeon
  2827 | D:5      | Reached skill level 5 in Axes
  2968 | D:5      | Reached skill level 1 in Dodging
  3002 | D:5      | Reached XP level 7. HP: 29/62 MP: 7/7
  3050 | D:5      | Reached skill level 5 in Shields
  3132 | D:5      | HP: 3/62 [centaur/arrow (4)]
  3146 | D:5      | Reached skill level 6 in Axes
  3152 | D:5      | Killed from afar by an orc priest

Skill      XL: |  1  2  3  4  5  6  7 |
---------------+----------------------+-----
Fighting       | 3 |  3.7
Axes           | 3 4 5 6 |  6.0
Armour         | 4 |  4.8
Shields        | 4 5 |  5.1
Dodging        | 1 2 |  2.1

Action                   |  1- 3 |  4- 6 |  7- 9 || total
-------------------------+-------+-------+-------++-------
Melee: War axe           |   101 |   256 |    48 ||   405
 Abil: Heal Wounds       |       |       |     1 ||     1
  Use: Scroll            |     2 |       |       ||     2
  Eat: Chunk             |     2 |     2 |       ||     4
       Ration            |       |     1 |       ||     1
Armor: Scale mail        |    48 |       |       ||    48
       Plate armour      |     2 |    87 |    13 ||   102
Dodge: Dodged            |    31 |   115 |    33 ||   179
Block: Shield            |    60 |   140 |    35 ||   235
